Map: Templo óseo EE

Players

MrFercho

  • Race: Zerg Zerg
  • League: Silver
  • Spawn Location: 7:00

TATORREA

  • Race: Protoss Protoss
  • League: Silver
  • Spawn Location: 6:00

tigro

  • Race: Terran Terran
  • League: Bronze
  • Spawn Location: 7:00

Shadow - Winner!

  • Race: Terran Terran
  • League: Platinum
  • Spawn Location: 1:00

teecent - Winner!

  • Race: Terran Terran
  • Spawn Location: 12:00

BilThePil - Winner!

  • Race: Protoss Protoss
  • Spawn Location: 3:00

VOD

Have the link to the VOD?

Description

Time

  • Played on: June 6, 2020, 8:09 p.m.
  • Length: 9:04
Show
View Real Time Build Order
Export as new Build Order

MrFercho Zerg 

Build Orders: Pool First 

Get SALT Encoding   

  12  0:01  Drone  
  13  0:08  Drone  
  14  0:29  Extractor  
  14  0:30  Drone x2, Extractor  
  16  0:41  Spawning Pool  
  15  0:45  Extractor  
  15  0:49  Overlord  
  14  1:08  Drone x3  
  17  1:22  Drone  
  18  1:29  Queen  
  20  1:45  Hatchery, Drone  
  20  1:46  Drone  
  21  1:52  Extractor  
  20  2:05  Metabolic Boost  
  20  2:19  Drone x2  
  20  2:20  Overlord  
  22  2:43  Zergling x8  
  26  3:13  Drone x2  
  26  3:15  Drone  
  26  3:16  Drone x2  
  31  3:41  Drone x2  
  31  3:42  Drone x3  
  32  4:16  Drone x3  
  35  4:21  Drone  
  36  4:27  Overlord  
  36  4:28  Overlord x3  
  36  4:34  Extractor  
  35  4:39  Queen, Extractor  
  36  4:47  Lair  
  36  5:02  Drone x3  
  36  5:03  Drone x2  
  41  5:28  Hatchery  
  40  5:30  Hatchery  
  39  5:39  Pneumatized Carapace  
  40  5:42  Drone  
  40  5:43  Drone x5  
  40  5:48  Overlord x3  
  45  5:55  Zergling x6  
  7  6:43  Spawning Pool  
  7  6:46  Drone x2  
  8  7:05  Drone x2  
  10  7:44  Drone x2  
  10  7:45  Drone x4  
  10  7:50  Drone x2  
  10  7:51  Drone x4  
  22  8:14  Drone x2  
  22  8:15  Drone x2  
  22  8:16  Drone  
  22  8:17  Drone x3  
Show
View Real Time Build Order
Export as new Build Order

TATORREA Protoss 

Build Orders: 1 Gate Expand 

Get SALT Encoding   

  12  0:01  Probe  
  13  0:23  Probe (Chrono Boost), Pylon  
  14  0:34  Probe (Chrono Boost)  
  15  0:40  Probe (Chrono Boost)  
  16  0:48  Gateway  
  16  0:54  Gateway  
  16  1:02  Probe  
  17  1:05  Assimilator  
  17  1:14  Probe  
  18  1:26  Probe  
  19  1:43  Probe  
  19  1:44  Nexus  
  20  1:53  Cybernetics Core  
  20  1:56  Probe  
  21  2:05  Pylon  
  21  2:12  Probe  
  22  2:15  Assimilator  
  22  2:23  Zealot x2  
  22  2:27  Probe  
  25  3:12  Warp Gate  
  25  3:18  Probe  
  26  3:21  Probe  
  26  3:22  Stalker (Chrono Boost)  
  26  3:23  Stalker (Chrono Boost)  
  31  3:39  Probe x2  
  33  3:46  Pylon  
  33  3:50  Pylon  
  33  3:59  Gateway  
  33  4:02  Gateway  
  33  4:11  Probe x2  
  33  4:16  Stalker (Chrono Boost)  
  35  4:18  Stalker (Chrono Boost)  
  39  4:28  Probe x2  
  41  4:49  Probe x2  
  43  5:03  Stalker  
  43  5:04  Stalker x2  
  43  5:05  Stalker  
  51  5:13  Probe x2  
  53  5:16  Pylon  
  53  5:20  Pylon  
  53  5:27  Probe x2  
  55  5:38  Twilight Council  
  55  5:42  Robotics Facility  
  55  5:43  Probe x2  
  55  5:44  Stargate  
  55  5:46  Stargate  
  57  5:50  Assimilator  
  55  6:35  Stalker x2  
  55  6:36  Stalker x2  
  29  7:17  Probe x2  
  31  7:29  Probe x2  
  33  7:41  Probe  
  33  7:42  Probe  
  35  7:49  Immortal  
  39  7:51  Void Ray  
  39  7:53  Probe  
  39  7:54  Probe  
  45  8:05  Probe  
  45  8:06  Probe  
  47  8:17  Probe  
  47  8:18  Probe  
  49  8:30  Probe x2  
Show
View Real Time Build Order
Export as new Build Order

tigro Terran 

Build Orders:  

Get SALT Encoding   

  12  0:04  SCV  
  13  0:16  SCV  
  14  0:24  Supply Depot  
  14  0:28  SCV  
  15  0:35  Refinery  
  15  0:46  SCV  
  16  0:54  Barracks  
  16  1:06  SCV  
  17  1:16  Refinery  
  17  1:18  SCV  
  18  1:30  SCV  
  19  1:43  SCV, Marine  
  21  1:55  SCV, Supply Depot  
  21  2:00  Barracks  
  21  2:01  Marine  
  23  2:17  SCV  
  23  2:19  Marine  
  25  2:25  Factory  
  25  2:29  SCV  
  26  2:37  Marine  
  26  2:41  SCV  
  28  2:54  Marine  
  29  3:12  Barracks Tech Lab  
  29  3:14  Barracks Tech Lab  
  29  3:16  Factory Tech Lab  
  29  3:31  Command Center  
  29  3:39  Combat Shield  
  29  3:42  Stimpack  
  29  3:43  Engineering Bay  
  29  3:52  Orbital Command  
  29  4:14  Terran Infantry Weapons Level 1  
  29  4:16  Supply Depot  
  29  4:27  Siege Tank  
  32  4:50  Refinery  
  32  4:51  SCV  
  33  4:58  Concussive Shells  
  33  5:03  SCV  
  34  5:08  Marine x2  
  36  5:15  SCV  
  37  5:25  Starport  
  37  5:26  Marine x2  
  37  5:27  SCV  
  40  5:35  Refinery  
  40  5:40  SCV  
  41  5:43  Marine  
  41  5:44  Marine  
  43  5:52  SCV  
  44  6:01  Marine x2  
  44  6:04  SCV  
  47  6:08  Terran Infantry Armor Level 1  
  47  6:16  SCV  
  42  7:15  Medivac  
  44  7:27  Fusion Core  
  44  7:31  Planetary Fortress  
  44  7:45  Medivac  
  46  8:02  Hi-Sec Auto Tracking  
  46  8:16  Marine x2  
  46  8:17  Armory  
  48  8:34  Marine x2  
Show
View Real Time Build Order
Export as new Build Order

Shadow Terran - Winner!

Build Orders: Gas First Reaper Expand, Mech 

Get SALT Encoding   

  12  0:00  SCV  
  13  0:13  SCV  
  14  0:17  Supply Depot  
  14  0:25  SCV  
  15  0:30  Refinery  
  15  0:41  Barracks  
  15  0:45  SCV  
  16  0:58  SCV  
  17  1:10  SCV  
  18  1:22  SCV  
  19  1:27  Reaper  
  20  1:38  Orbital Command  
  20  1:44  Command Center  
  20  1:54  Supply Depot  
  20  1:58  Refinery  
  20  2:00  Barracks Reactor  
  20  2:05  SCV  
  21  2:17  SCV  
  21  2:19  Factory  
  22  2:29  SCV  
  23  2:41  SCV  
  24  2:54  SCV  
  25  3:09  Starport  
  25  3:10  SCV  
  25  3:12  Orbital Command, Barracks Tech Lab  
  26  3:16  Refinery  
  30  3:20  Hellion x2  
  30  3:22  SCV  
  31  3:34  Supply Depot  
  35  3:41  Hellion x2  
  35  3:58  Supply Depot  
  35  4:08  Hellion  
  35  4:09  Hellion  
  39  4:15  Factory x2  
  39  4:19  SCV  
  39  4:21  Supply Depot  
  40  4:31  SCV  
  41  4:43  Supply Depot  
  41  4:47  Barracks Tech Lab  
  41  4:49  Hellion x2  
  45  4:54  Armory, SCV  
  45  4:56  SCV  
  45  4:58  Armory  
  47  5:06  SCV  
  48  5:07  Supply Depot  
  48  5:08  SCV  
  48  5:09  Refinery  
  49  5:18  SCV  
  50  5:30  Supply Depot  
  50  5:32  Factory Tech Lab  
  50  5:33  Factory Tech Lab  
  51  5:35  SCV x2  
  52  5:47  SCV  
  52  5:48  SCV  
  52  5:49  Terran Vehicle Weapons Level 1, Terran Vehicle And Ship Armor Level 1  
  54  5:50  Command Center  
  54  5:51  Infernal Pre-Igniter  
  54  5:53  Smart Servos  
  54  5:54  Siege Tank  
  57  5:59  SCV  
  57  6:00  SCV  
  59  6:27  Siege Tank x2  
  59  6:28  Hellion x2  
  65  7:06  Hellion x2, Siege Tank x2  
  62  7:20  SCV x2  
  62  7:21  Command Center x2  
  64  7:27  Hellbat  
  64  7:28  Hellbat  
  64  7:29  Supply Depot  
  68  7:30  Supply Depot  
  68  7:33  Supply Depot  
  68  7:38  Siege Tank x2  
  74  7:54  Factory  
  74  7:56  Factory x2  
  74  7:58  SCV x2  
  76  8:10  SCV x2  
  67  8:45  Factory Reactor, Factory Tech Lab x2  
  67  8:48  SCV x2  
  73  8:51  SCV  
  73  8:54  Refinery  
Show
View Real Time Build Order
Export as new Build Order

teecent Terran - Winner!

Build Orders: Mech 

Get SALT Encoding   

  12  0:01  SCV  
  13  0:13  Supply Depot  
  13  0:18  SCV  
  14  0:30  SCV, Refinery  
  15  0:44  Barracks  
  15  0:46  SCV  
  16  0:58  SCV  
  17  1:06  Barracks  
  17  1:11  SCV  
  18  1:22  Refinery  
  18  1:23  SCV  
  19  1:33  Supply Depot, Marine  
  20  1:40  SCV  
  21  1:59  Factory  
  21  2:01  Marine  
  21  2:02  Marine  
  21  2:04  SCV  
  24  2:19  Orbital Command  
  24  2:21  Marine  
  25  2:24  Marine  
  26  2:36  Supply Depot  
  26  2:45  SCV  
  26  2:50  Factory Tech Lab  
  27  2:52  Marine x2  
  29  2:58  Starport  
  29  3:11  Siege Tank  
  29  3:12  SCV  
  33  3:20  Supply Depot  
  33  3:22  Marine x2  
  35  3:44  Starport Reactor  
  35  3:49  Command Center  
  35  4:06  Siege Tank  
  35  4:08  Marine x2  
  40  4:15  SCV  
  41  4:20  Medivac x2  
  45  4:28  Supply Depot  
  45  4:48  Supply Depot  
  45  4:50  Medivac x2, Siege Tank  
  52  5:15  SCV  
  52  5:21  Marine  
  53  5:22  Siege Tank  
  53  5:27  SCV  
  58  5:32  Marine  
  58  5:34  Liberator  
  62  5:37  SCV  
  62  5:39  SCV  
  62  5:40  Refinery  
  64  5:45  Refinery  
  48  6:43  Siege Tank  
  48  6:44  Liberator x2  
  48  6:45  Reaper, Marine  
  59  7:03  Marine  
  52  7:13  SCV x2  
  54  7:17  Marine  
  54  7:21  Marine  
  56  7:23  Siege Tank  
  56  7:25  SCV  
  56  7:26  SCV  
  56  7:27  Command Center  
  61  7:35  Marine  
  62  7:37  SCV  
  62  7:38  Marine  
  64  7:45  SCV  
  64  7:48  Factory  
  64  7:50  SCV  
  66  7:53  Factory  
  66  7:54  Barracks  
  66  7:56  Siege Tank  
  66  7:57  SCV  
  70  8:01  Armory  
  70  8:53  Factory Tech Lab  
Show
View Real Time Build Order
Export as new Build Order

BilThePil Protoss - Winner!

Build Orders:  

Get SALT Encoding   

  12  0:01  Probe (Chrono Boost)  
  13  0:16  Pylon  
  13  0:17  Probe  
  14  0:29  Probe  
  15  0:40  Gateway  
  15  0:50  Assimilator  
  15  0:52  Probe  
  16  1:04  Probe  
  17  1:28  Cybernetics Core  
  17  1:33  Pylon  
  17  1:38  Probe (Chrono Boost)  
  18  1:48  Probe (Chrono Boost)  
  18  1:53  Probe (Chrono Boost), Pylon  
  19  2:00  Assimilator  
  20  2:05  Probe, Zealot  
  23  2:17  Probe  
  24  2:29  Probe  
  25  2:34  Stargate  
  25  2:41  Nexus  
  25  3:06  Zealot  
  27  3:17  Pylon  
  27  3:24  Probe  
  28  3:33  Fleet Beacon  
  28  3:40  Pylon  
  28  3:44  Pylon  
  28  4:16  Probe (Chrono Boost)  
  29  4:21  Tempest (Chrono Boost)  
  34  4:25  Probe (Chrono Boost), Stargate  
  34  4:30  Probe (Chrono Boost)  
  35  4:34  Forge  
  36  4:40  Zealot (Chrono Boost)  
  36  4:42  Probe (Chrono Boost)  
  39  4:50  Probe (Chrono Boost)  
  40  4:56  Probe (Chrono Boost)  
  40  4:59  Zealot  
  41  5:04  Protoss Air Weapons Level 1  
  43  5:08  Probe (Chrono Boost)  
  49  5:16  Probe (Chrono Boost)  
  49  5:18  Tempest (Chrono Boost)  
  50  5:21  Assimilator  
  50  5:23  Probe  
  50  5:26  Zealot  
  53  5:33  Tempest (Chrono Boost)  
  53  5:35  Probe  
  59  5:47  Probe  
  60  6:02  Probe (Chrono Boost), Assimilator  
  61  6:07  Tempest (Chrono Boost)  
  67  6:12  Probe (Chrono Boost)  
  67  6:17  Probe (Chrono Boost)  
  68  6:29  Probe  
  69  6:41  Probe  
  69  6:43  Tempest (Chrono Boost)  
  75  6:51  Protoss Shields Level 1  
  75  6:54  Nexus  
  75  7:18  Photon Cannon  
  75  7:20  Photon Cannon  
  75  7:23  Photon Cannon  
  75  7:30  Photon Cannon  
  75  7:42  Robotics Facility  
  75  7:44  Stargate  
  75  7:50  Photon Cannon  
  75  7:54  Pylon  
  75  7:57  Shield Battery  
  75  8:03  Shield Battery  
  75  8:14  Pylon  
  75  8:17  Pylon  
  75  8:22  Pylon  
  75  8:28  Photon Cannon  
  75  8:30  Pylon  
  75  8:36  Stargate  
  75  8:41  Photon Cannon  
  75  8:42  Photon Cannon  
Tags
 
Add a new tag
Caveats
  • Supply blocks, unpowered buildings, or Contaminate may cause inaccurate times.
  • Supply counts are checked every 10 seconds.